 Dungeon Crawl Stone Soup version 0.30-a0-253-g6b895097cc (webtiles) character file.

Game seed: 11520143884998567643

2923 Ijustatesigmund the Blocker (level 9, 0/111 HPs)
             Began as a Gnoll Fighter on Oct 13, 2022.
             Slain by Erica
             ... wielding a +0 scimitar of flaming
              (1 damage)
             ... on level 8 of the Dungeon.
             The game lasted 00:12:27 (7137 turns).

Ijustatesigmund the Blocker (Gnoll Fighter)         Turns: 7137, Time: 00:12:28

Health: 0/111      AC: 31    Str: 17    XL:     9   Next: 79%
Magic:  16/16      EV:  2    Int: 10    God:
Gold:   540        SH:  6    Dex: 12    Spells: 17/17 levels left

rFire   . . .      SeeInvis .    v - +1 flail (protect)
rCold   + . .      Faith    .    c - +0 buckler
rNeg    . . .      Spirit   .    (body armour currently unavailable)
rPois   +          Reflect  .    (helmet currently unavailable)
rElec   .          Harm     .    (cloak currently unavailable)
rCorr   .          Rampage  .    (gloves currently unavailable)
Will    .....      NoTele   +    (boots currently unavailable)
Stlth   +++.......               C - amulet of the acrobat
HPRegen 0.38/turn                q - ring of protection from cold
MPRegen 0.15/turn                (no ring)

@: tree-form (expiring), under a protective aura, slowed, very slow
A: stationary, stasis, torment immunity, boosted hp, (fangs 1), strong nose,
distributed training
a: no special abilities


You were on level 8 of the Dungeon.
You were a tree.
You visited 1 branch of the dungeon, and saw 8 of its levels.

You collected 540 gold pieces.

Inventory:

Hand Weapons
 a - a +0 war axe
 v - a +1 flail of protection (weapon)
Missiles
 w - a throwing net (quivered)
Armour
 b - a +0 scale mail (melded)
 c - a +0 buckler (worn)
 l - a +2 pair of gloves (melded)
 t - a +0 pair of boots of rampaging (melded)
Jewellery
 q - a ring of protection from cold (left branch)
 C - an amulet of the acrobat (around neck)
Wands
 i - a wand of digging (3)
 y - a wand of flame (26)
 A - a wand of roots (13)
 D - a wand of mindburst (16)
Scrolls
 d - 2 scrolls of amnesia {unknown}
 g - a scroll of poison {unknown}
 h - 2 scrolls of butterflies {unknown}
 j - 3 scrolls of fear {unknown}
 k - a scroll of vulnerability {unknown}
 o - 2 scrolls of enchant weapon {unknown}
 p - 3 scrolls of noise {unknown}
 r - 5 scrolls of teleportation {unknown}
 u - 2 scrolls of immolation {unknown}
 B - a scroll of identify
Potions
 e - 2 potions of brilliance
 f - a potion of attraction
 m - a potion of curing
 n - a potion of lignification
 s - 2 potions of resistance
 x - a potion of cancellation
 z - 2 potions of flight


   Skills:
 + Level 8.2 Fighting
 + Level 4.7 Short Blades
 + Level 4.7 Long Blades
 + Level 6.7 Axes
 + Level 4.7 Maces & Flails
 + Level 4.7 Polearms
 + Level 4.7 Staves
 + Level 4.7 Ranged Weapons
 + Level 4.7 Throwing
 + Level 8.2 Armour
 + Level 4.7 Dodging
 + Level 4.7 Stealth
 + Level 8.2 Shields
 + Level 4.7 Unarmed Combat
 + Level 4.7 Spellcasting
 + Level 3.9 Conjurations
 + Level 3.9 Hexes
 + Level 3.9 Summonings
 + Level 3.9 Necromancy
 + Level 3.9 Translocations
 + Level 3.9 Transmutations
 + Level 3.9 Fire Magic
 + Level 3.9 Ice Magic
 + Level 3.9 Air Magic
 + Level 3.9 Earth Magic
 + Level 3.9 Poison Magic
 + Level 5.2 Invocations
 + Level 4.7 Evocations


You had 17 spell levels left.
You didn't know any spells.
Your spell library contained the following spells:

 Spells                   Type           Power      Damage    Failure   Level
 Necrotise                Necr           40%        1d6       6%          1
 Sting                    Tmut/Pois      40%        1d5       6%          1
 Cigotuvi's Dreadful Rot  Necr/Pois/Air  20%        N/A       9%          2
 Poisonous Vapours        Pois/Air       20%        N/A       9%          2
 Inner Flame              Hex/Fire       10%        N/A       17%         3
 Mephitic Cloud           Conj/Pois/Air  10%        N/A       17%         3
 Vampiric Draining        Necr           10%        2d6       17%         3
 Flame Wave               Conj/Fire      10%        2d6       50%         4
 Manifold Assault         Tloc           10%        N/A       50%         4
 Olgreb's Toxic Radiance  Pois           10%        N/A       50%         4
 Sticky Flame             Conj/Fire      10%        2d3       50%         4
 Agony                    Necr           10%        N/A       85%         5
 Disjunction              Tloc           5%         N/A       100%        8
 Ignition                 Fire           5%         3d4       100%        8


Dungeon Overview and Level Annotations

Branches:
Dungeon (8/15)             Temple (0/1) D:7
   Lair: D:8-11

Altars:
Fedhas
Gozag
Kikubaaqudgha
Makhleb
Wu Jian
Zin

Annotations:
D:8 Erica


Innate Abilities, Weirdness & Mutations

You are a tree.
Your roots penetrate the ground, keeping you stationary.
You cannot be teleported.
You are immune to unholy pain and torment.
Your maximum health is greatly increased.
Your equipment is partially melded.
((You have very sharp teeth.))
Your uncanny sense of smell can sniff out nearby items.
Your experience applies equally to all skills.


Message History

You miss something. Something hits you but does no damage.
You closely miss something. Something hits you.
* * * LOW HITPOINT WARNING * * *
Something burns you.
* * * LOW HITPOINT WARNING * * *
You miss something. Something hits you but does no damage.
You barely miss something. Something hits you but does no damage.
Something hits you.
* * * LOW HITPOINT WARNING * * *
Something burns you.
* * * LOW HITPOINT WARNING * * *
You barely miss something. Something hits you!
* * * LOW HITPOINT WARNING * * *
Something burns you.
* * * LOW HITPOINT WARNING * * *
You hit something.
Your weapon exudes an aura of protection.
Something hits you!
* * * LOW HITPOINT WARNING * * *
Something burns you.
* * * LOW HITPOINT WARNING * * *
You feel better. Something hits you.
* * * LOW HITPOINT WARNING * * *
Something burns you.
* * * LOW HITPOINT WARNING * * *
You feel better. Something hits you.
* * * LOW HITPOINT WARNING * * *
Something burns you.
* * * LOW HITPOINT WARNING * * *
You miss something. Something hits you but does no damage.
You barely miss something.
You hear some strange, mumbled words.
You feel yourself slow down.
You hit something but do no damage.
Your weapon exudes an aura of protection.
Your transformation is almost over.
Something hits you!
* * * LOW HITPOINT WARNING * * *
Something burns you.
You die...

+....^#.####################.###
#.....#.# #...................#
#.....#.# #.###################
#.....#.# ##'#### ##'#....#
#.....# ###.########|....#######
...........+.....+...@.#
###.########.....#####.#
###.########....♣#
................{+
#.#..............#
..................
#..###############. ##.# $#
##'##### # .......# ∆ .......###


There were no monsters in sight!

Vanquished Creatures
  A hornet (D:8)
  Grinder (D:4)
  A steam dragon (D:7)
  Edmund (D:4)
  Duvessa (D:6)
  A sky beast (D:8)
  2 ice beasts
  An ogre (D:7)
  A centaur (D:4)
  A phantom (D:7)
  3 kobold brigands (D:6)
  4 bullfrogs
  4 scorpions
  Dowan (D:6)
  4 howler monkeys
  3 hounds
  2 orc priests
  3 jellies
  A gnoll bouda (D:5)
  7 orc wizards
  4 iguanas
  7 gnolls
  6 adders
  2 white imps
  An ufetubus (D:6)
  2 worms (D:2)
  5 dart slugs
  22 orcs
  5 endoplasms
  3 giant cockroaches
  10 goblins
  8 hobgoblins
  5 jackals
  19 kobolds
  8 quokkas
  6 ball pythons
  5 bats
  2 frilled lizards
163 creatures vanquished.

Notes
Turn   | Place    | Note
-------+----------+-------------------------------------------
     0 | D:1      | Ijustatesigmund the Gnoll Fighter began the quest for the
                  | Orb.
     0 | D:1      | Reached XP level 1. HP: 23/23 MP: 1/1
   163 | D:1      | Reached XP level 2. HP: 29/29 MP: 2/2
   177 | D:1      | Got the Almanac of Heat and Shifting
   409 | D:1      | Reached XP level 3. HP: 35/35 MP: 3/3
   411 | D:1      | Found a faded altar of an unknown god.
   667 | D:2      | Reached skill level 1 in Invocations
   934 | D:2      | Reached skill level 1 in Short Blades
   934 | D:2      | Reached skill level 1 in Long Blades
   934 | D:2      | Reached skill level 1 in Maces & Flails
   934 | D:2      | Reached skill level 1 in Polearms
   934 | D:2      | Reached skill level 1 in Staves
   934 | D:2      | Reached skill level 1 in Ranged Weapons
   934 | D:2      | Reached skill level 1 in Throwing
   934 | D:2      | Reached skill level 1 in Dodging
   934 | D:2      | Reached skill level 1 in Stealth
   934 | D:2      | Reached skill level 1 in Unarmed Combat
   934 | D:2      | Reached skill level 1 in Spellcasting
   934 | D:2      | Reached skill level 1 in Evocations
  1029 | D:2      | Reached XP level 4. HP: 41/41 MP: 5/5
  1184 | D:2      | Reached skill level 1 in Conjurations
  1184 | D:2      | Reached skill level 1 in Hexes
  1184 | D:2      | Reached skill level 1 in Summonings
  1184 | D:2      | Reached skill level 1 in Necromancy
  1184 | D:2      | Reached skill level 1 in Translocations
  1184 | D:2      | Reached skill level 1 in Transmutations
  1184 | D:2      | Reached skill level 1 in Fire Magic
  1184 | D:2      | Reached skill level 1 in Ice Magic
  1184 | D:2      | Reached skill level 1 in Air Magic
  1184 | D:2      | Reached skill level 1 in Earth Magic
  1184 | D:2      | Reached skill level 1 in Poison Magic
  1604 | D:3      | Reached XP level 5. HP: 47/47 MP: 7/7
  1617 | D:3      | Found a blossoming altar of Fedhas.
  1962 | D:3      | Found an opulent altar of Gozag.
  1964 | D:3      | Found an opulent altar of Gozag.
  1968 | D:3      | Found an opulent altar of Gozag.
  1975 | D:3      | Found an opulent altar of Gozag.
  2378 | D:4      | Noticed Grinder
  2382 | D:4      | Paralysed by Grinder for 2 turns
  2387 | D:4      | Killed Grinder
  2388 | D:4      | Reached skill level 5 in Axes
  2388 | D:4      | Reached XP level 6. HP: 32/53 MP: 7/9
  2503 | D:4      | Reached XP level 7. HP: 47/60 MP: 10/10
  2817 | D:4      | Found a burning altar of Makhleb.
  3011 | D:4      | Found an ornate altar of the Wu Jian Council.
  3155 | D:4      | Found a glowing silver altar of Zin.
  3226 | D:4      | Found an ancient bone altar of Kikubaaqudgha.
  3517 | D:4      | Noticed Edmund
  3540 | D:4      | Killed Edmund
  3541 | D:4      | Reached XP level 8. HP: 32/67 MP: 12/12
  3868 | D:5      | Entered Level 5 of the Dungeon
  4565 | D:5      | Identified the +5 ring mail of Courage {Dex-2 Slay+6}
  5131 | D:6      | Identified the +3 robe of the Hart {Rampage Will- Int+3}
  5328 | D:6      | Noticed Dowan
  5328 | D:6      | Noticed Duvessa
  5341 | D:6      | Killed Duvessa
  5350 | D:6      | Killed Dowan
  5351 | D:6      | Reached XP level 9. HP: 34/73 MP: 14/14
  5727 | D:7      | Paralysed by a kobold brigand for 5 turns
  5741 | D:7      | Paralysed by a kobold brigand for 2 turns
  5860 | D:6      | Paralysed by a kobold brigand for 5 turns
  6245 | D:7      | Found a staircase to the Ecumenical Temple.
  6573 | D:8      | Reached skill level 5 in Invocations
  6916 | D:8      | Noticed a hornet
  6921 | D:8      | Paralysed by a hornet for 2 turns
  6932 | D:8      | Killed a hornet
  7104 | D:8      | Noticed Erica
  7132 | D:8      | HP: 2/111 [something (7)]
  7137 | D:8      | HP: 1/111 [something (9)]
  7137 | D:8      | Slain by Erica

Illustrated notes

Levels and vault maps discovered:
D:1:      dpeg_arrival_tiny_i, layout_rooms,
          shapermc_ecumenical_altar_mp_urbaneastern
D:2:      layout_basic, serial_aquarium, aquarium_bridge_long_joined
          [aquarium_subvault_bridge, aquarium_subvault_bridge,
          aquarium_subvault_balcony, aquarium_subvault_bridge,
          aquarium_subvault_balcony, aquarium_subvault_bridge],
          aquarium_bridge_square [aquarium_subvault_balcony,
          aquarium_subvault_bridge, aquarium_subvault_window,
          aquarium_subvault_wall], aquarium_window_1, aquarium_window_fake,
          aquarium_view_2d, aquarium_pool_side, minmay_curled_crystal
D:3:      layout_loops_ring, nicolae_gozag_conspicuous_consumption,
          fedhas_ov_isle_minmay, grunt_decor_fettered
D:4:      minmay_octagon_keep, layout_basic, nicolae_overflow_hidden_temple,
          lemuel_tele_altar, zin_scriptorium, lightli_temple_of_fire,
          minivault_26, uniq_grinder, uniq_edmund
D:5:      layout_gridville, nrook_campfire, kennysheep_generic_room_13
D:6:      layout_rooms, minmay_unpleasant_kobolds, uniq_duvessa
D:7:      layout_cave_pools, minmay_temple_entry_sparse_star
D:8:      layout_basic, uniq_erica

Skill      XL: |  1  2  3  4  5  6  7  8  9 |
---------------+----------------------------+-----
Invocations    | 1 2 3 4 5 |  5.2
Short Blades   | 1 2 3 4 |  4.7
Long Blades    | 1 2 3 4 |  4.7
Maces & Flails | 1 2 3 4 |  4.7
Polearms       | 1 2 3 4 |  4.7
Staves         | 1 2 3 4 |  4.7
Ranged Weapons | 1 2 3 4 |  4.7
Throwing       | 1 2 3 4 |  4.7
Dodging        | 1 2 3 4 |  4.7
Stealth        | 1 2 3 4 |  4.7
Unarmed Combat | 1 2 3 4 |  4.7
Spellcasting   | 1 2 3 4 |  4.7
Evocations     | 1 2 3 4 |  4.7
Conjurations   | 1 2 3 |  3.9
Hexes          | 1 2 3 |  3.9
Summonings     | 1 2 3 |  3.9
Necromancy     | 1 2 3 |  3.9
Translocations | 1 2 3 |  3.9
Transmutations | 1 2 3 |  3.9
Fire Magic     | 1 2 3 |  3.9
Ice Magic      | 1 2 3 |  3.9
Air Magic      | 1 2 3 |  3.9
Earth Magic    | 1 2 3 |  3.9
Poison Magic   | 1 2 3 |  3.9
Axes           | 5 6 |  6.7
Fighting       | 7 8 |  8.2
Armour         | 7 8 |  8.2
Shields        | 7 8 |  8.2

Action                   |  1- 3 |  4- 6 |  7- 9 || total
-------------------------+-------+-------+-------++-------
Melee: War axe           |   103 |   107 |    91 ||   301
       Bite              |     5 |     9 |    61 ||    75
       Flail             |       |       |   376 ||   376
Evoke: Wand              |       |       |     2 ||     2
  Use: Potion            |       |     2 |     6 ||     8
       Scroll            |       |       |     9 ||     9
Armor: Scale mail        |    47 |    62 |   311 ||   420
       Skin              |       |       |     8 ||     8
Dodge: Dodged            |    39 |    48 |   239 ||   326
Block: Buckler           |    20 |    34 |   146 ||   200

Table legend: (Time is in decaauts)
 A = Elapsed time spent in this place.
 B = Non-inter-level travel time spent in this place.
 C = Inter-level travel time spent in this place.
 D = Time resting spent in this place.
 E = Time spent auto-exploring this place.
 F = Levels seen in this place.
 G = Mean time per level.
                   A        B        C        D        E       F      G
               +--------+--------+--------+--------+--------+-----+--------+
         Total |   7329 |   7189 |    140 |    799 |   4939 |   8 |  916.1 |
       Dungeon |   7329 |   7189 |    140 |    799 |   4939 |   8 |  916.1 |
               +--------+--------+--------+--------+--------+-----+--------+

Top non-repeatable levels by time:
     D:4: 1786 daAuts
     D:5: 1277 daAuts
     D:2: 951 daAuts
     D:3: 719 daAuts
     D:7: 693 daAuts
     D:8: 663 daAuts
     D:6: 635 daAuts
     D:1: 602 daAuts
